Map: Luxuriance EC (Void)

Players

diamadoshi - Winner!

  • Race: Terran Terran
  • League: Diamond
  • Spawn Location: 1:00

IA (élite)

  • Race: Protoss Protoss
  • Spawn Location: 7:00

VOD

Have the link to the VOD?

Description

Time

  • Played on: Feb. 5, 2017, 4:01 a.m.
  • Length: 10:06
Show
View Real Time Build Order
Export as new Build Order

diamadoshi Terran - Winner!

Build Orders: MMM Bio 

Get SALT Encoding   

  12  0:01  SCV  
  13  0:13  SCV  
  14  0:18  Supply Depot  
  14  0:25  SCV  
  15  0:40  SCV, Barracks  
  16  0:52  SCV  
  16  0:55  Refinery  
  17  1:04  SCV  
  18  1:26  Orbital Command  
  18  1:28  Marine  
  19  1:39  Command Center  
  19  1:48  Supply Depot  
  19  1:50  Barracks Reactor  
  19  1:55  SCV  
  20  2:11  SCV  
  21  2:18  Bunker  
  21  2:24  SCV  
  21  2:27  Marine x2  
  24  2:33  Engineering Bay  
  24  2:36  SCV  
  25  2:44  Marine  
  25  2:45  Marine  
  27  2:51  Orbital Command  
  27  2:54  SCV  
  28  3:02  Marine x2, Barracks  
  30  3:06  SCV  
  30  3:09  Missile Turret  
  30  3:12  Missile Turret  
  31  3:18  SCV  
  32  3:20  SCV, Marine  
  34  3:30  SCV  
  34  3:32  SCV  
  34  3:33  Barracks  
  34  3:34  Marine  
  37  3:42  SCV  
  37  3:43  Marine  
  37  3:44  SCV  
  40  3:51  Barracks Tech Lab  
  40  3:54  SCV  
  41  3:56  Supply Depot  
  41  3:58  Supply Depot  
  41  3:59  Terran Infantry Weapons Level 1  
  41  4:00  SCV  
  41  4:01  Marine x2  
  44  4:06  SCV  
  45  4:11  Stimpack  
  45  4:13  SCV  
  46  4:18  SCV  
  46  4:21  Barracks Reactor  
  47  4:25  SCV  
  47  4:29  Supply Depot  
  47  4:30  SCV  
  49  4:36  Marine x2, Command Center  
  49  4:37  SCV  
  49  4:38  Marine  
  53  4:42  SCV  
  54  4:49  SCV  
  54  4:51  Supply Depot  
  55  4:55  SCV, Marine x2  
  58  5:00  Refinery  
  58  5:01  SCV  
  58  5:02  Refinery  
  59  5:09  SCV  
  59  5:11  Barracks  
  59  5:13  SCV, Barracks  
  61  5:18  Marine x3, Marauder  
  61  5:19  Marine  
  61  5:20  Factory  
  67  5:30  SCV x2  
  69  5:39  Refinery  
  70  5:42  SCV  
  70  5:43  SCV  
  70  5:45  Marine x4, Marauder  
  77  5:58  Terran Infantry Armor Level 1  
  77  6:01  Barracks Tech Lab  
  77  6:02  Barracks Tech Lab  
  77  6:04  SCV x2  
  77  6:09  Supply Depot  
  77  6:10  Supply Depot  
  79  6:12  Combat Shields  
  79  6:14  Marine x3, Marauder  
  79  6:15  Marine  
  79  6:16  SCV x2  
  79  6:17  Factory Reactor  
  87  6:21  Marauder  
  87  6:22  Marauder  
  87  6:23  Starport  
  87  6:24  Supply Depot  
  91  6:33  SCV x2  
  91  6:36  Marauder  
  91  6:37  Marine x4  
  99  6:42  Marine  
  99  6:43  Marauder  
  102  6:47  Planetary Fortress  
  102  6:55  Marine x2  
  102  6:57  Supply Depot, Marauder  
  102  7:01  Marauder  
  108  7:02  Supply Depot  
  108  7:04  Marine x2  
  108  7:05  Marauder  
  112  7:11  Medivac x2  
  112  7:12  Marine  
  117  7:19  Marine, Marauder  
  117  7:21  Supply Depot  
  117  7:22  Marauder  
  122  7:23  Marine  
  122  7:26  Marauder  
  125  7:31  Barracks  
  125  7:32  Concussive Shells  
  125  7:34  Marine x2  
  125  7:36  SCV x2, Marine, Barracks  
  130  7:39  SCV  
  130  7:41  Marine, Marauder  
  130  7:44  Marauder  
  136  7:48  SCV x2  
  136  7:49  Marauder  
  140  7:51  Marine  
  140  7:53  Supply Depot  
  140  7:55  Supply Depot  
  140  7:56  Supply Depot  
  141  8:00  Factory Reactor  
  141  8:02  Marauder  
  143  8:10  Engineering Bay  
  143  8:11  Marine x2, Marauder x2  
  149  8:13  Armory  
  149  8:14  Marine x2  
  151  8:23  Marine  
  140  8:27  Barracks Tech Lab  
  140  8:29  Marine x3  
  140  8:32  Marine x2, Marauder x2  
  148  8:41  Liberator x2, Marauder  
  150  8:48  Supply Depot  
  150  8:50  Supply Depot  
  150  8:53  Marauder  
  150  8:55  Marine x4, Marauder x2  
  159  8:56  Marine  
  169  9:02  Marauder  
  164  9:21  Marine x3, Marauder x3  
  164  9:22  Marine x2  
  164  9:23  Widow Mine x2  
  177  9:24  Marauder  
  176  9:43  Marauder x3  
  185  9:47  Marine x2  
Show
View Real Time Build Order
Export as new Build Order

IA (élite) Protoss 

Build Orders: Colossus Rush 

Get SALT Encoding   

  12  0:01  Probe (Chrono Boost)  
  13  0:11  Probe (Chrono Boost)  
  14  0:21  Pylon  
  14  0:22  Probe (Chrono Boost)  
  15  0:39  Probe (Chrono Boost)  
  16  0:46  Assimilator  
  16  0:49  Probe (Chrono Boost)  
  17  0:50  Gateway  
  17  0:59  Pylon  
  17  1:00  Probe (Chrono Boost)  
  18  1:10  Probe (Chrono Boost)  
  19  1:21  Probe (Chrono Boost)  
  20  1:32  Probe (Chrono Boost)  
  21  1:35  Zealot  
  21  1:39  Cybernetics Core  
  23  1:43  Probe (Chrono Boost)  
  25  1:55  Probe (Chrono Boost)  
  25  1:58  Nexus  
  25  2:05  Probe (Chrono Boost)  
  26  2:09  Warp Gate  
  26  2:15  Stalker  
  26  2:17  Probe (Chrono Boost)  
  29  2:28  Probe (Chrono Boost), Pylon  
  30  2:39  Gateway  
  30  2:40  Probe (Chrono Boost)  
  30  2:42  Assimilator  
  31  2:48  Adept  
  34  2:51  Probe (Chrono Boost)  
  34  2:57  Pylon  
  34  3:03  Probe (Chrono Boost)  
  35  3:11  Probe (Chrono Boost)  
  36  3:13  Adept  
  36  3:15  Probe (Chrono Boost)  
  39  3:22  Probe (Chrono Boost)  
  39  3:26  Robotics Facility  
  40  3:28  Adept  
  40  3:34  Probe (Chrono Boost)  
  43  3:36  Probe (Chrono Boost)  
  43  3:39  Adept  
  46  3:45  Probe (Chrono Boost)  
  46  3:47  Probe (Chrono Boost)  
  48  3:55  Adept  
  49  3:56  Probe (Chrono Boost)  
  49  3:58  Probe (Chrono Boost)  
  52  4:07  Probe (Chrono Boost)  
  52  4:09  Probe (Chrono Boost)  
  54  4:14  Adept, Robotics Bay  
  56  4:18  Pylon  
  56  4:19  Probe (Chrono Boost)  
  56  4:20  Observer  
  56  4:21  Probe (Chrono Boost)  
  59  4:30  Probe (Chrono Boost), Robotics Facility  
  60  4:35  Pylon  
  60  4:37  Stalker  
  62  4:46  Stalker, Pylon  
  62  4:48  Probe x2 (Chrono Boost)  
  66  5:07  Gateway  
  66  5:16  Zealot  
  66  5:17  Colossus, Pylon  
  66  5:19  Zealot  
  76  5:31  Pylon  
  76  5:34  Zealot  
  78  5:37  Zealot  
  80  5:46  Probe (Chrono Boost)  
  80  5:47  Assimilator  
  81  5:50  Twilight Council  
  81  5:53  Forge, Stalker  
  81  5:54  Assimilator  
  83  5:58  Nexus  
  83  6:09  Probe (Chrono Boost)  
  83  6:10  Probe (Chrono Boost)  
  85  6:17  Forge  
  85  6:20  Probe (Chrono Boost)  
  85  6:21  Probe (Chrono Boost)  
  85  6:23  Pylon  
  87  6:29  Templar Archives  
  87  6:30  Probe (Chrono Boost)  
  88  6:43  Pylon  
  88  6:47  Gateway  
  88  7:00  Sentry  
  90  7:01  Photon Cannon  
  90  7:05  Stalker  
  90  7:07  Photon Cannon, High Templar  
  94  7:12  Photon Cannon, Probe x3 (Chrono Boost)  
  94  7:14  Pylon  
  97  7:17  Protoss Ground Weapons Level 1  
  97  7:21  Sentry, Protoss Ground Armor Level 1  
  100  7:23  Probe (Chrono Boost)  
  100  7:24  Probe (Chrono Boost)  
  100  7:25  Probe (Chrono Boost)  
  100  7:26  Stalker, Nexus, Assimilator  
  100  7:29  Pylon  
  104  7:30  Assimilator  
  104  7:35  Probe (Chrono Boost)  
  104  7:36  Probe (Chrono Boost)  
  107  7:37  Probe (Chrono Boost)  
  107  7:39  High Templar  
  107  7:43  Stalker  
  111  7:47  Probe (Chrono Boost)  
  111  7:48  Stalker, Probe x2 (Chrono Boost)  
  116  7:57  Psionic Storm  
  117  7:58  Probe (Chrono Boost)  
  117  7:59  Probe (Chrono Boost)  
  117  8:01  Probe (Chrono Boost)  
  117  8:03  Archon  
  119  8:10  Probe (Chrono Boost)  
  119  8:12  High Templar, Probe (Chrono Boost)  
  124  8:13  Probe (Chrono Boost)  
  124  8:20  Photon Cannon, Zealot x3  
  124  8:21  Probe (Chrono Boost)  
  124  8:25  Pylon  
  105  8:33  Probe (Chrono Boost)  
  80  8:38  Adept  
  80  8:39  High Templar, Zealot  
  80  8:40  Probe x2 (Chrono Boost)  
  84  8:43  Sentry  
  84  8:45  Probe (Chrono Boost)  
  84  8:48  Archon  
  85  8:52  Probe x2 (Chrono Boost)  
  70  8:57  Zealot, Assimilator  
  70  8:59  Stalker  
  66  9:04  High Templar  
  57  9:10  High Templar  
  57  9:16  Adept  
  40  9:21  Zealot  
  40  9:30  Pylon  
  40  9:31  Archon  
  40  9:33  Sentry  
  40  9:34  Zealot  
  41  9:43  Pylon  
  24  9:55  Twilight Council  
Tags
 
Composition
MMM Bio
League
Diamond
Matchup
PvT
Spawn Locations
Cross Positions
Add a new tag
Caveats
  • Supply blocks, unpowered buildings, or Contaminate may cause inaccurate times.
  • Supply counts are checked every 10 seconds.